 Dungeon Crawl Stone Soup version 0.18.1-8-gdd0e5ea (webtiles) character file.

697 Shtopit the Shield-Bearer (level 7, 0/55 HPs)
             Began as a Formicid Fighter on May 28, 2016.
             Slain by a gnoll (2 damage)
             ... on level 5 of the Dungeon.
             The game lasted 00:10:24 (4020 turns).

Shtopit the Shield-Bearer (Formicid Fighter)        Turns: 4020, Time: 00:10:24

Health: 0/55       AC:  9    Str: 27    XL:     7   Next: 97%
Magic:  7/7        EV:  8    Int:  7    God:
Gold:   158        SH: 11    Dex: 11    Spells: 0 memorised, 6 levels left

rFire  . . .     SeeInvis +     a - +0 long sword
rCold  . . .     Gourm    .     p - +0 chain mail
rNeg   . . .     Faith    .     c - +0 shield
rPois  .         Spirit   .     (helmet unavailable)
rElec  .         Dismiss  .     (no cloak)
rCorr  .         Reflect  .     (no gloves)
SustAt .         Harm     .     (no boots)
MR     .....                    u - amulet of regeneration
Stlth  ..........               (no ring)
                                (no ring)

@: mighty, not resistant to hostile enchantments, extremely unstealthy
A: permanent stasis, dig shafts and tunnels, four strong arms, antennae 3
a: Dig, Shaft Self


You were on level 5 of the Dungeon.
You were hungry.

You visited 1 branch of the dungeon, and saw 5 of its levels.

You collected 158 gold pieces.

Inventory:

Hand Weapons
 a - a +0 long sword (weapon)
Missiles
 g - 24 poisoned needles
Armour
 b - a +0 scale mail
 c - a +0 shield (worn)
 p - a +0 chain mail (worn)
Jewellery
 n - a cursed ring of teleportation
 u - an amulet of regeneration (around neck)
Scrolls
 o - a scroll of identify
 r - a scroll of blinking {unknown}
 s - a scroll of fog {unknown}
 t - a scroll of enchant weapon {unknown}
Potions
 d - a potion of might
Comestibles
 f - 3 bread rations
 h - a beef jerky
 k - 3 meat rations


   Skills:
 + Level 4.7 Fighting
 + Level 3.9 Long Blades
 + Level 5.3 Armour
 + Level 2.5 Dodging
 + Level 0.3 Stealth
 + Level 6.3 Shields


You had 6 spell levels left.
You didn't know any spells.

Dungeon Overview and Level Annotations

Branches:
Dungeon (5/15)
 Temple: D:4-7

Altars:
Dithmenos


Innate Abilities, Weirdness & Mutations

You are under a permanent stasis effect.
You can dig through walls and to a lower floor.
Your four strong arms can wield two-handed weapons with a shield.
You have a pair of large antennae on your head (SInv).


Message History

Read which item? (? for menu, Esc to quit)
As you read the scroll labeled LUQUZANAO WUMU, it crumbles to dust.
You feel a strange sense of stasis.
It was a scroll of teleportation.
The phantom blinks!
Read which item? (? for menu, Esc to quit)
As you read the scroll labeled CAMEYSTR SUTIL, it crumbles to dust.
It is a scroll of identify.
Identify which item? (\ to view known items) (? for menu, Esc to quit)
n - a cursed ring of teleportation You are starting to lose your buoyancy.
You closely miss the gnoll. The phantom hits you.
* * * LOW HITPOINT WARNING * * *
The gnoll hits you but does no damage.
You slice the gnoll!!
You kill the gnoll!
You float gracefully downwards.
The phantom blinks!
The gnoll completely misses you.
The phantom blinks!
You barely miss the gnoll. The gnoll hits you but does no damage.
The gnoll hits you.
You die...

{ #.# #.# #.####
#.#..# #.#.##
###### #.#.#
#@g..# #######
#.#.# #g...#.
#.....# ###.#.#
#W...#.##.....#
#.[...#
#....#..#.....#
#.....# #....#
.......# #.....#
#....# #.....#
#.....####g...#
#.....#
##.##.##.....ยง#
#.....#
#.##.........#
#..<..#


You could see a phantom, a gnoll shaman and 2 gnolls.

Vanquished Creatures
  2 ogres (D:4)
  A centaur (D:5)
  2 howler monkeys (D:4)
  A quasit (D:5)
  An orc priest (D:3)
  An orc wizard (D:3)
  3 worker ants (D:5)
  A gnoll (D:5)
  9 adders
  An ooze (D:2)
  2 worms
  A dart slug (D:1)
  2 giant geckos
  16 orcs
  3 giant cockroaches
  2 goblins (D:2)
  10 hobgoblins
  15 jackals
  8 kobolds
  3 quokkas
  2 ball pythons
  6 bats
  A giant gecko skeleton (D:4)
  6 giant newts
  7 rats
106 creatures vanquished.

Notes
Turn   | Place    | Note
--------------------------------------------------------------
     0 | D:1      | Shtopit the Formicid Fighter began the quest for the Orb.
     0 | D:1      | Reached XP level 1. HP: 18/18 MP: 1/1
   199 | D:1      | Reached XP level 2. HP: 24/24 MP: 2/2
   647 | D:1      | Reached XP level 3. HP: 28/29 MP: 3/3
  1100 | D:2      | Reached skill level 4 in Shields
  1349 | D:2      | Found a shadowy altar of Dithmenos.
  1390 | D:2      | Reached skill level 1 in Dodging
  1395 | D:2      | Reached XP level 4. HP: 37/37 MP: 4/4
  1990 | D:3      | Reached XP level 5. HP: 24/42 MP: 5/5
  2704 | D:4      | Noticed an ogre
  2710 | D:4      | Killed an ogre
  2710 | D:4      | Reached skill level 5 in Shields
  2710 | D:4      | Reached XP level 6. HP: 26/48 MP: 6/6
  2887 | D:4      | Noticed an ogre
  2898 | D:4      | Killed an ogre
  3148 | D:4      | Reached XP level 7. HP: 51/54 MP: 7/7
  3286 | D:4      | Reached skill level 5 in Armour
  3762 | D:4      | You fall through a shaft!
  3762 | D:5      | Entered Level 5 of the Dungeon
  3803 | D:5      | Reached skill level 6 in Shields
  3998 | D:5      | HP: 2/55 [phantom (3)]
  4018 | D:5      | HP: 1/55 [phantom (4)]
  4020 | D:5      | Slain by a gnoll

Skill      XL: |  1  2  3  4  5  6  7 |
---------------+----------------------+-----
Shields        | 4 5 6 |  6.3
Dodging        | 1 2 |  2.5
Armour         | 4 5 |  5.3
Fighting       | 4 |  4.7
Long Blades    | 3 |  3.9
Stealth        | |  0.3

Action                   |  1- 3 |  4- 6 |  7- 9 || total
-------------------------+-------+-------+-------++-------
Melee: Long sword        |   134 |   149 |   127 ||   410
  Use: Potion            |       |     1 |     3 ||     4
       Scroll            |       |       |     4 ||     4
  Eat: Chunk             |     2 |     6 |     2 ||    10
Armor: Scale mail        |    58 |     6 |       ||    64
       Chain mail        |       |    32 |   129 ||   161
Dodge: Dodged            |    47 |    36 |    72 ||   155
Block: Shield            |    91 |    73 |   108 ||   272
